 Dungeon Crawl Stone Soup version 0.17-a0-2069-g0f4ee5b (webtiles) character file.

117 radek the Conjurer (level 4, -4/24 HPs)
             Began as a Deep Elf Conjurer on Oct 13, 2015.
             Slain by an adder (5 damage)
             ... on level 3 of the Dungeon.
             The game lasted 00:10:36 (2736 turns).

radek the Conjurer (Deep Elf Conjurer)              Turns: 2736, Time: 00:10:37

Health: -4/24      AC:  2    Str:  2 (6)  XL:     4   Next: 71%
Magic:  9/10       EV: 13    Int: 20      God:
Gold:   56         SH:  0    Dex: 15      Spells: 1 memorised, 8 levels left

rFire  . . .     SeeInvis .     (no weapon)
rCold  . . .     Clarity  .     a - +0 robe
rNeg   . . .     SustAt   .     (no shield)
rPois  .         Gourm    .     (no helmet)
rElec  .         Spirit   .     (no cloak)
rCorr  .         Warding  .     (no gloves)
rMut   .         Stasis   .     (no boots)
MR     .....                    (no amulet)
Stlth  ++........               (no ring)
                                (no ring)

@: not resistant to hostile enchantments, unstealthy
A: no striking features
a: no special abilities


You were on level 3 of the Dungeon.
You were not hungry.

You visited 1 branch of the dungeon, and saw 3 of its levels.

You collected 56 gold pieces.

Inventory:

Missiles
 d - 7 javelins (quivered)
Armour
 a - a +0 robe (worn)
Scrolls
 f - a scroll of fear {unknown}
 h - 5 scrolls of identify {unknown}
 i - a scroll of enchant armour {unknown}
 j - 6 scrolls of remove curse {unknown}
 k - a scroll of fog {unknown}
 n - 2 scrolls of magic mapping {unknown}
 o - a scroll of random uselessness {unknown}
 q - a scroll of immolation {unknown}
Potions
 e - a potion of resistance {unknown}
 g - a potion of mutation {unknown}
 l - a potion of ambrosia {unknown}
 m - a potion of curing {unknown}
Books
 b - a book of Conjurations

   Spells                             Type                      Level
   a - Magic Dart                     Conjuration                  1
   b - Searing Ray                    Conjuration                  2
   c - Dazzling Spray                 Conjuration/Hexes            3
   d - Fulminant Prism                Conjuration/Hexes            4
   e - Iskenderun's Mystic Blast      Conjuration                  4
   f - Iskenderun's Battlesphere      Conjuration/Charms           5
Comestibles
 c - 2 bread rations
 p - 3 chunks of flesh


   Skills:
 - Level 2.4 Dodging
 - Level 2.4 Stealth
 - Level 3.0 Spellcasting
 * Level 6.7 Conjurations


You had 8 spell levels left.
You knew the following spells:

 Your Spells              Type           Power        Failure   Level  Hunger
a - Magic Dart            Conj           ####         1%          1    None


Dungeon Overview and Level Annotations

Branches:
Dungeon (3/15)

Altars:
Ashenzari


Message History

Aim: a kobold, wielding a short sword
Okay, then.
Press: ? - help, v - describe, . - travel
Here: a kobold, wielding a short sword The floor.
There are monsters nearby!
Press: ? - help, v - describe, . - travel A stone staircase leading up.
Casting: Magic Dart
Confirm with . or Enter, or press ? or * to list all spells.
You don't know that spell.
Casting: Magic Dart
Confirm with . or Enter, or press ? or * to list all spells.
Aiming: Magic Dart
Press: ? - help, Shift-Dir - straight line, f/p - kobold
Aim: a kobold, wielding a short sword The magic dart hits the kobold.
You kill the kobold!
The adder bites you.
You die...

..... ... ##.$.
..# ...o[ ##..#
.!.#
###..?##### ..
. .......... .
... #.........
.....#.S.......
#....)@.......
?...####g..####
. .#.# .# .. .#
#.# .. . .. ..


You could see an adder and a hobgoblin.

Vanquished Creatures
  A crimson imp (D:2)
  3 adders (D:2)
  4 worms (D:2)
  2 orcs
  4 bats
  3 giant cockroaches
  4 goblins
  5 hobgoblins
  2 jackals (D:2)
  6 kobolds
  A quokka (D:2)
  A ball python (D:1)
  A giant gecko (D:3)
  2 giant newts
  2 rats
41 creatures vanquished.

Notes
Turn   | Place    | Note
--------------------------------------------------------------
     0 | D:1      | radek the Deep Elf Conjurer began the quest for the Orb.
     0 | D:1      | Reached XP level 1. HP: 10/10 MP: 6/6
   222 | D:1      | Reached XP level 2. HP: 15/15 MP: 4/8
   383 | D:1      | Reached skill level 5 in Conjurations
   947 | D:2      | Reached XP level 3. HP: 19/19 MP: 3/9
  1739 | D:2      | Reached skill level 6 in Conjurations
  2037 | D:2      | Found a shattered altar of Ashenzari.
  2107 | D:2      | Reached XP level 4. HP: 24/24 MP: 7/10
  2734 | D:3      | HP: 1/24 [kobold/short sword (4)]
  2736 | D:3      | Slain by an adder

Vault maps used:
D:1:      saegor_arrival_simple_e, roderic_roman_lattice, corexii_hall_statues_t
D:2:      evilmike_ruin_ashenzari

Action                   |  1- 3 |  4- 6 || total
-------------------------+-------+-------++-------
 Cast: Magic Dart        |    81 |    29 ||   110
  Use: Potion            |       |     1 ||     1
  Eat: Bread ration      |     1 |       ||     1
       Chunk             |     1 |       ||     1
